[Event "Titled Tuesday Blitz October 31 Early 2023"]
[White "Karthik Rajaa"]
[Black "kushbhagat2009"]
[WhiteFideId "25035215"]
[WhiteElo "2733"]
[BlackElo "2630"]
[Result "0-1"]
[Round "7"]
[TimeControl "180+1"]
[Date "2023.10.31"]
[WhiteClock "0:01:21"]
[BlackClock "0:01:20"]
[Board "41"]

1. Nf3 Nf6 2. c4 g6 3. Nc3 Bg7 4. g3 d6 5. d4 O-O 6. Bg2 Nc6 7. d5 Nb8 8. O-O a5 9. Ne1 Na6 10. Nd3 e5 11. dxe6 fxe6 12. b3 Nb4 13. Bb2 Nxd3 14. exd3 c6 15. d4 Nd7 16. Qd2 e5 17. d5 c5 18. Rae1 Nf6 19. f4 exf4 20. Qxf4 Ng4 21. Qc1 Bd4+ 22. Kh1 Nf2+ 23. Rxf2 Rxf2 24. Nd1 Bxb2 25. Nxb2 Bf5 26. Nd1 Rxa2 27. Ne3 Qf6 28. Rf1 Qb2 29. Nxf5 Qxg2# 0-1


[Site "https://www.chess.com"]

[Event "Titled Tuesday Blitz October 31 Early 2023"]
[White "Krzyzanowski, Marcin"]
[Black "Bodnaruk, Anastasia"]
[WhiteFideId "1132199"]
[BlackFideId "4181751"]
[WhiteElo "2733"]
[BlackElo "2622"]
[Result "1-0"]
[Round "7"]
[TimeControl "180+1"]
[Date "2023.10.31"]
[WhiteClock "0:00:08"]
[BlackClock "0:00:00"]
[Board "42"]

1. e4 c5 2. Nf3 d6 3. d4 cxd4 4. Nxd4 Nf6 5. Nc3 a6 6. Be2 e5 7. Nb3 Be7 8. O-O O-O 9. Qd3 Be6 10. Bd2 Nbd7 11. Nd5 Rc8 12. c4 b6 13. Rad1 a5 14. a4 Bxd5 15. exd5 Nc5 16. Nxc5 bxc5 17. Qh3 Rb8 18. Bc3 Qd7 19. Qxd7 Nxd7 20. Bg4 f5 21. Bh3 Bd8 22. f4 e4 23. g4 Bf6 24. Bxa5 Rxb2 25. Bc7 e3 26. Rfe1 e2 27. Rd3 Bd4+ 28. Kg2 Nf6 29. gxf5 Ne4 30. Bg4 Rc8 31. Ba5 Ra8 32. Bc7 Ra7 33. Bd8 Rxa4 34. Rxe2 Rxe2+ 35. Bxe2 Rxc4 36. Kf3 Bf6 37. Re3 Nd2+ 38. Kg4 Bxd8 39. Bxc4 Bf6 40. Bb5 c4 41. Ra3 c3 42. Bd3 Kf7 43. Ra7+ Ke8 44. Rc7 Nb3 45. Bb5+ Kd8 46. Rc4 Nd2 47. Rc6 Ne4 48. Ba4 Nc5 49. Bc2 Ke7 50. Kf3 h5 51. Ke3 h4 52. Kf3 Kd7 53. Kg4 1-0


[Site "https://www.chess.com"]

[Event "Titled Tuesday Blitz October 31 Early 2023"]
[White "Kosteniuk, Alexandra"]
[Black "NelsonLinda"]
[WhiteFideId "4128125"]
[WhiteElo "2728"]
[BlackElo "2618"]
[Result "0-1"]
[Round "7"]
[TimeControl "180+1"]
[Date "2023.10.31"]
[WhiteClock "0:00:01"]
[BlackClock "0:00:07"]
[Board "43"]

1. Nf3 Nf6 2. g3 g6 3. Bg2 Bg7 4. O-O O-O 5. d4 d6 6. c4 Nc6 7. d5 Na5 8. Nfd2 c6 9. b4 Nd7 10. bxa5 Bxa1 11. dxc6 bxc6 12. Bxc6 Rb8 13. Nb3 Bg7 14. Bg2 Ne5 15. Be3 Qc7 16. Qc1 Ba6 17. c5 Bxe2 18. cxd6 Qxd6 19. Bc5 Qc7 20. Be3 Rfc8 21. Qxc7 Rxc7 22. Re1 Nf3+ 23. Bxf3 Bxf3 24. N1d2 Bd5 25. Bf4 e5 26. Bxe5 Re8 27. f4 f6 28. Bxc7 Rxe1+ 29. Kf2 Rh1 30. h4 f5 31. Bb8 a6 32. Be5 Bf8 33. Ke3 Rg1 34. Kd4 Bf7 35. Nf3 Rxg3 36. Ke3 Bd5 37. Nd2 Bc5+ 38. Ke2 Rg2+ 39. Kd3 Bxf3 40. Nxf3 Rxa2 41. Bc3 Ra3 42. Kc4 Be3 43. Ne5 Bxf4 44. Nd7 Bc7 45. Bb4 Rxa5 46. Bxa5 Bxa5 47. Nc5 Bd8 48. Nxa6 Bxh4 49. Kd5 Kg7 50. Ke5 Bg3+ 51. Ke6 h5 52. Nc5 h4 0-1


[Site "https://www.chess.com"]

[Event "Titled Tuesday Blitz October 31 Early 2023"]
[White "Prestia, Paris"]
[Black "Maximov, Dmitry"]
[WhiteFideId "30925959"]
[BlackFideId "14105659"]
[WhiteElo "2616"]
[BlackElo "2728"]
[Result "1-0"]
[Round "7"]
[TimeControl "180+1"]
[Date "2023.10.31"]
[WhiteClock "0:01:45"]
[BlackClock "0:00:35"]
[Board "44"]

1. d4 Nf6 2. Bg5 c5 3. Nc3 cxd4 4. Qxd4 Nc6 5. Qh4 e6 6. O-O-O Be7 7. e4 h6 8. f4 Kf8 9. e5 Ng8 10. Bxe7+ Ngxe7 11. Nf3 b6 12. Ne4 Nf5 13. Qf2 h5 14. Bb5 Bb7 15. h3 h4 16. Nd6 Nxd6 17. Rxd6 a6 18. Be2 b5 19. Rhd1 Qa5 20. Rxd7 Qxa2 21. Qc5+ Kg8 22. Rxb7 Qa1+ 23. Kd2 Rd8+ 24. Bd3 Qa5+ 25. Ke2 Nb4 26. Qe7 Rf8 27. Be4 Nd5 28. Rxd5 exd5 29. Bxd5 Rh6 30. Bxf7+ 1-0


[Site "https://www.chess.com"]

[Event "Titled Tuesday Blitz October 31 Early 2023"]
[White "FoxOnTheRun97"]
[Black "Hua, Lefong"]
[BlackFideId "2602253"]
[WhiteElo "2613"]
[BlackElo "2724"]
[Result "0-1"]
[Round "7"]
[TimeControl "180+1"]
[Date "2023.10.31"]
[WhiteClock "0:00:00"]
[BlackClock "0:00:05"]
[Board "45"]

1. d4 Nf6 2. Bg5 g6 3. Bxf6 exf6 4. e3 Bg7 5. g3 O-O 6. Bg2 f5 7. Ne2 d6 8. O-O c6 9. c4 Nd7 10. Nbc3 Nf6 11. b4 a6 12. a4 h5 13. h4 Ng4 14. Qd3 g5 15. hxg5 Qxg5 16. b5 Bd7 17. bxc6 bxc6 18. Rab1 h4 19. Nf4 hxg3 20. fxg3 Qh6 21. Bh3 Rab8 22. Kg2 Rfe8 23. Rxb8 Rxb8 24. Rb1 Rxb1 25. Nxb1 Qg5 26. Nd2 Qe7 27. Bxg4 fxg4 28. Qe4 Kf8 29. Kf2 Qd8 30. Qd3 Qa5 31. Ne4 Bf5 32. Qc3 Qxa4 33. Nxd6 Qa2+ 34. Ne2 Be6 35. c5 Qb1 36. Nc4 Qh1 37. Nf4 Qh2+ 38. Kf1 Qxg3 39. Nxe6+ fxe6 40. Nd6 Qf3+ 41. Ke1 g3 42. Qb3 Kg8 43. Qxe6+ Kh7 44. Qh3+ Bh6 45. Qd7+ Bg7 46. Qh3+ Kg6 47. Qe6+ Bf6 48. Qg8+ Bg7 49. Qe6+ Kh5 50. Qh3+ Kg5 51. Nf7+ Qxf7 52. Qxg3+ Kh6 53. Qh4+ Kg6 54. Qg4+ Kh7 55. Qh3+ Bh6 56. Qc8 Bxe3 0-1


[Site "https://www.chess.com"]

[Event "Titled Tuesday Blitz October 31 Early 2023"]
[White "djokovic74"]
[Black "Brown, Andrew"]
[BlackFideId "3206513"]
[WhiteElo "2721"]
[BlackElo "2563"]
[Result "1-0"]
[Round "7"]
[TimeControl "180+1"]
[Date "2023.10.31"]
[WhiteClock "0:00:05"]
[BlackClock "0:00:00"]
[Board "46"]

1. e4 c6 2. Nf3 d5 3. Nc3 d4 4. Ne2 c5 5. c3 Nc6 6. cxd4 cxd4 7. Qa4 Bd7 8. Nexd4 a6 9. Be2 Nf6 10. d3 b5 11. Qb3 Nxd4 12. Nxd4 e5 13. Nf3 Be6 14. Qd1 Bd6 15. O-O O-O 16. d4 Nxe4 17. dxe5 Bc5 18. Qc2 Bf5 19. Qb3 Qb6 20. Be3 Bxe3 21. Qxe3 Qxe3 22. fxe3 Rfe8 23. Rac1 h6 24. Rc6 Be6 25. a3 Rec8 26. Rfc1 Rxc6 27. Rxc6 Bd5 28. Rc7 Ng5 29. Nd4 Ne6 30. Rd7 Be4 31. Nxe6 fxe6 32. Bf3 Bxf3 33. gxf3 Rc8 34. Rd2 Rc5 35. f4 Kf7 36. Kf2 Rc1 37. Kf3 a5 38. Rd7+ Kg6 39. Rb7 Rc5 40. b4 axb4 41. axb4 Rd5 42. Ke4 h5 43. f5+ Kh7 44. fxe6 Rd8 45. e7 Re8 46. Kd5 Kg6 47. Ke6 h4 48. Rd7 h3 49. Rd8 1-0


[Site "https://www.chess.com"]

[Event "Titled Tuesday Blitz October 31 Early 2023"]
[White "Gubajdullin, Alexei"]
[Black "Alinasab, Mobina"]
[WhiteFideId "4141202"]
[BlackFideId "12528897"]
[WhiteElo "2720"]
[BlackElo "2537"]
[Result "1-0"]
[Round "7"]
[TimeControl "180+1"]
[Date "2023.10.31"]
[WhiteClock "0:01:03"]
[BlackClock "0:00:00"]
[Board "47"]

1. d4 Nf6 2. Nf3 e6 3. Bf4 b6 4. e3 Bb7 5. Be2 Be7 6. h3 c5 7. O-O cxd4 8. exd4 O-O 9. Bh2 d6 10. c3 Nbd7 11. a4 a6 12. Na3 Qc7 13. Nc4 Rfe8 14. Ne3 Bf8 15. Re1 g6 16. Nd2 Rac8 17. Bf3 Bxf3 18. Qxf3 Qb8 19. g4 Qa8 20. Qxa8 Rxa8 21. g5 Nh5 22. Ndc4 d5 23. Ne5 Nxe5 24. Bxe5 Be7 25. h4 f6 26. gxf6 Bxf6 27. Ng4 Bxh4 28. Nh6+ Kf8 29. Re3 Bf6 30. Rf3 Kg7 31. Rxf6 Nxf6 32. Ng4 Rf8 33. c4 dxc4 34. Rc1 Rac8 35. b3 cxb3 36. Rb1 h5 37. Nxf6 Rxf6 38. Rxb3 g5 39. Rxb6 Kg6 40. Bxf6 Kxf6 41. d5 Kf5 42. dxe6 1-0


[Site "https://www.chess.com"]

[Event "Titled Tuesday Blitz October 31 Early 2023"]
[White "Djokic, Mihailo"]
[Black "Avazkhonov, Alikhon"]
[WhiteFideId "976440"]
[BlackFideId "14208504"]
[WhiteElo "2709"]
[BlackElo "2511"]
[Result "1-0"]
[Round "7"]
[TimeControl "180+1"]
[Date "2023.10.31"]
[WhiteClock "0:02:04"]
[BlackClock "0:00:02"]
[Board "48"]

1. e4 c5 2. Nf3 d6 3. d4 cxd4 4. Nxd4 Nf6 5. Nc3 a6 6. Rg1 e5 7. Nb3 h5 8. h3 Be6 9. g4 hxg4 10. hxg4 d5 11. exd5 Nxd5 12. Nxd5 Qxd5 13. Be3 Nc6 14. Qxd5 Bxd5 15. O-O-O O-O-O 16. Bb6 Rd7 17. g5 Be7 18. Be2 Be6 19. Rxd7 Bxd7 20. Bc4 Rh5 21. Be3 f5 22. gxf6 Bxf6 23. Nc5 Bf5 24. Bd5 Kc7 25. c3 Bc8 26. Ne4 Ne7 27. Nxf6 gxf6 28. Rg7 Kd6 29. Bf3 Rh3 30. Bg2 Rh2 31. b4 Nf5 32. Bc5+ Ke6 33. Rg8 Kd7 34. Be4 Nh4 35. Rg7+ Ke8 36. Rc7 Bg4 37. Bxb7 f5 38. Bxa6 e4 39. b5 f4 40. b6 Rh1+ 41. Kb2 Bf5 42. b7 1-0


[Site "https://www.chess.com"]

[Event "Titled Tuesday Blitz October 31 Early 2023"]
[White "Tikhonov, Viacheslav"]
[Black "Atakhan, Abtin"]
[WhiteFideId "44196407"]
[BlackFideId "22502203"]
[WhiteElo "2500"]
[BlackElo "2704"]
[Result "1-0"]
[Round "7"]
[TimeControl "180+1"]
[Date "2023.10.31"]
[WhiteClock "0:00:40"]
[BlackClock "0:00:34"]
[Board "49"]

1. e4 c6 2. d4 d5 3. Nc3 dxe4 4. Nxe4 Bf5 5. Ng3 Bg6 6. h4 h6 7. Bc4 Nf6 8. N1e2 e6 9. Nf4 Bh7 10. Nfh5 Nbd7 11. c3 Rg8 12. Bf4 Qb6 13. Qe2 O-O-O 14. b4 Nd5 15. Bd2 Bd6 16. Ne4 Bxe4 17. Qxe4 g6 18. Ng3 e5 19. O-O N7f6 20. Qf3 exd4 21. Bxd5 Nxd5 22. c4 Nxb4 23. Rab1 c5 24. a3 a5 25. axb4 axb4 26. Qxf7 Bxg3 27. fxg3 Rgf8 28. Qe7 Rxf1+ 29. Rxf1 b3 30. Ra1 Rd7 31. Ra8+ Kc7 32. Bf4+ 1-0


[Site "https://www.chess.com"]

[Event "Titled Tuesday Blitz October 31 Early 2023"]
[White "Haitin, Ilja"]
[Black "Mndapoetzz04"]
[WhiteFideId "4501764"]
[WhiteElo "2423"]
[BlackElo "2702"]
[Result "0-1"]
[Round "7"]
[TimeControl "180+1"]
[Date "2023.10.31"]
[WhiteClock "0:00:00"]
[BlackClock "0:00:21"]
[Board "50"]

1. Nf3 d5 2. g3 Nf6 3. Bg2 Bf5 4. c4 c6 5. Qb3 Qb6 6. O-O e6 7. d3 Nbd7 8. cxd5 exd5 9. Qc2 Be7 10. Nc3 h6 11. e4 Bh7 12. Qe2 O-O 13. e5 Ne8 14. e6 fxe6 15. Qxe6+ Rf7 16. Qxd7 Bf5 17. Nxd5 cxd5 18. Qxd5 Rd8 19. Qb3 Bf6 20. Be3 Qxb3 21. axb3 Bxb2 22. Rxa7 Rxd3 23. Nh4 Be6 24. Ra8 Rf8 25. Ng6 Rxe3 26. fxe3 Rxf1+ 27. Bxf1 Kf7 28. Bc4 Bxc4 29. bxc4 Nd6 30. Ne5+ Bxe5 31. c5 Ne4 32. Ra7 Nxc5 33. Kf2 Ke6 34. Kf3 b6 35. h4 Nd7 36. g4 Bd6 37. g5 hxg5 38. hxg5 Ne5+ 39. Ke4 Nf7 40. g6 Ng5+ 41. Kd4 Bc5+ 42. Kd3 Kf6 0-1


[Site "https://www.chess.com"]

[Event "Titled Tuesday Blitz October 31 Early 2023"]
[White "Baskakov, Egor"]
[Black "Santos Flores, Alberto"]
[WhiteFideId "24197866"]
[BlackFideId "3601234"]
[WhiteElo "2912"]
[BlackElo "2463"]
[Result "1-0"]
[Round "7"]
[TimeControl "180+1"]
[Date "2023.10.31"]
[WhiteClock "0:00:56"]
[BlackClock "0:00:21"]
[Board "51"]

1. e4 e6 2. Nc3 d5 3. g3 Nf6 4. Bg2 b6 5. Nge2 Bb7 6. exd5 exd5 7. O-O Be7 8. Nf4 O-O 9. Nh5 Nbd7 10. Re1 Nxh5 11. Qxh5 Nf6 12. Qd1 Re8 13. d4 Bd6 14. Rxe8+ Qxe8 15. Bg5 Ne4 16. Nxe4 dxe4 17. c4 h6 18. Be3 f5 19. b4 Bxb4 20. c5 Bd5 21. Bf4 c6 22. Bd6 bxc5 23. dxc5 Bc3 24. Rb1 Be5 25. Rb7 Bxd6 26. cxd6 Rd8 27. Qd4 Rd7 28. Qxa7 Be6 29. Bf1 Rxb7 30. Qxb7 Qd8 31. Qxc6 Bxa2 32. Qc7 Qxc7 33. dxc7 Be6 34. Bc4 1-0


[Site "https://www.chess.com"]

[Event "Titled Tuesday Blitz October 31 Early 2023"]
[White "borocotoajua"]
[Black "Hamitevici, Vladimir"]
[BlackFideId "13902393"]
[WhiteElo "2571"]
[BlackElo "2741"]
[Result "0-1"]
[Round "7"]
[TimeControl "180+1"]
[Date "2023.10.31"]
[WhiteClock "0:00:19"]
[BlackClock "0:01:35"]
[Board "52"]

1. d4 d6 2. Nf3 g6 3. c4 Bg7 4. g3 f5 5. Bg2 Nf6 6. O-O O-O 7. Nc3 c6 8. d5 e5 9. dxe6 Bxe6 10. Bf4 Bxc4 11. Qxd6 Qxd6 12. Bxd6 Re8 13. Ne5 Be6 14. Rfd1 Nbd7 15. Nxc6 bxc6 16. Bxc6 Rac8 17. Bg2 Nb6 18. Nb5 Nfd5 19. Nxa7 Rc2 20. Rac1 Rxb2 21. Nc6 Nc3 22. Rxc3 Bxc3 23. a4 Nxa4 24. Ne7+ Kf7 25. Bc6 Rxe7 26. Bxe7 Kxe7 27. Bxa4 Rxe2 0-1


[Site "https://www.chess.com"]

[Event "Titled Tuesday Blitz October 31 Early 2023"]
[White "Costachi, Mihnea"]
[Black "Gontcharov, Vladislav"]
[WhiteFideId "1217518"]
[BlackFideId "4123492"]
[WhiteElo "2740"]
[BlackElo "2576"]
[Result "1-0"]
[Round "7"]
[TimeControl "180+1"]
[Date "2023.10.31"]
[WhiteClock "0:01:06"]
[BlackClock "0:00:00"]
[Board "53"]

1. Nc3 e6 2. Nf3 d5 3. d4 Nf6 4. Bg5 h6 5. Bh4 Be7 6. e3 a6 7. Bd3 Nbd7 8. O-O c5 9. dxc5 Nxc5 10. Be2 O-O 11. Qd4 Qc7 12. Ne5 b6 13. Bf3 Bb7 14. Rad1 Rac8 15. Rfe1 Rfd8 16. Bg3 Bd6 17. Ng4 Nxg4 18. Qxg4 Bxg3 19. hxg3 f5 20. Qd4 b5 21. Ne2 Nd7 22. c3 Nf6 23. Qh4 Qf7 24. Nd4 Rc4 25. Be2 Rc7 26. Bd3 Bc8 27. Nf3 Bb7 28. Ne5 Qe8 29. g4 fxg4 30. Bg6 Qe7 31. Nxg4 Nxg4 32. Qxg4 Qf6 33. Bb1 e5 34. Bf5 Rf8 35. Be6+ Kh8 36. Rf1 d4 37. exd4 exd4 38. Rxd4 Re7 39. Bd5 Bc8 40. Qg3 Re2 41. b4 Rc2 42. a3 Rb2 43. Bf3 Bf5 44. Qc7 1-0


[Site "https://www.chess.com"]

[Event "Titled Tuesday Blitz October 31 Early 2023"]
[White "Halkias, Stelios"]
[Black "Herzog2012"]
[WhiteFideId "4201809"]
[WhiteElo "2718"]
[BlackElo "2565"]
[Result "1/2-1/2"]
[Round "7"]
[TimeControl "180+1"]
[Date "2023.10.31"]
[WhiteClock "0:00:20"]
[BlackClock "0:00:06"]
[Board "54"]

1. Nf3 Nf6 2. c4 e6 3. g3 d5 4. d4 Be7 5. Bg2 O-O 6. O-O dxc4 7. Qc2 a6 8. a4 Bd7 9. Qxc4 Bc6 10. Bf4 a5 11. Nc3 Na6 12. Ne5 Bxg2 13. Kxg2 Nb4 14. e4 c6 15. Rfd1 Bd6 16. Bg5 Be7 17. Rac1 Qc7 18. Qe2 Qb6 19. Be3 Qa6 20. Qf3 Rad8 21. h4 Nd7 22. Bf4 Nxe5 23. Bxe5 f6 24. Bf4 e5 25. Be3 Nd3 26. dxe5 Nxc1 27. Rxc1 fxe5 28. Qg4 Kh8 29. h5 Qd3 30. h6 g6 31. Rd1 Qc4 32. Rd7 Rxd7 33. Qxd7 Qf7 34. Qxb7 Bb4 35. Qxc6 Bxc3 36. bxc3 Qf3+ 37. Kh2 Qh5+ 38. Kg2 Qf3+ 39. Kg1 Qd1+ 40. Kh2 Qh5+ 41. Kg2 Qf3+ 1/2-1/2


[Site "https://www.chess.com"]

[Event "Titled Tuesday Blitz October 31 Early 2023"]
[White "Szpar, Milosz"]
[Black "Toropov, Pavel"]
[WhiteFideId "1184989"]
[BlackFideId "24129178"]
[WhiteElo "2707"]
[BlackElo "2553"]
[Result "1-0"]
[Round "7"]
[TimeControl "180+1"]
[Date "2023.10.31"]
[WhiteClock "0:00:17"]
[BlackClock "0:00:00"]
[Board "55"]

1. Nf3 d5 2. e3 Nf6 3. c4 c6 4. Nc3 a6 5. d4 g6 6. Be2 Bg7 7. O-O Bg4 8. cxd5 cxd5 9. Qb3 Bc8 10. Ne5 O-O 11. f4 e6 12. Bd2 Nfd7 13. e4 dxe4 14. Nxe4 Nxe5 15. dxe5 Nc6 16. Rad1 Nd4 17. Qe3 Nf5 18. Qf2 Qd4 19. Bf3 Qxb2 20. Bc3 Qxf2+ 21. Kxf2 h5 22. Bb4 Re8 23. g3 a5 24. Bc3 Ra6 25. h3 b6 26. g4 hxg4 27. hxg4 Ne7 28. Nd6 Rd8 29. Nxc8 Rxc8 30. Bb7 Raa8 31. Bxa8 Rxa8 32. Rd7 Nd5 33. Bd2 Rc8 34. Rc1 Rxc1 35. Bxc1 g5 36. f5 Bxe5 37. Bxg5 exf5 38. gxf5 Nc3 39. Kf3 f6 40. Be3 Nxa2 41. Kg4 Nb4 42. Bh6 a4 43. Kh5 1-0


[Site "https://www.chess.com"]

[Event "Titled Tuesday Blitz October 31 Early 2023"]
[White "Shubenkova, Veronika"]
[Black "BardArtem"]
[WhiteFideId "44124040"]
[WhiteElo "2543"]
[BlackElo "2701"]
[Result "0-1"]
[Round "7"]
[TimeControl "180+1"]
[Date "2023.10.31"]
[WhiteClock "0:00:04"]
[BlackClock "0:00:04"]
[Board "56"]

1. e4 e5 2. Nf3 Nc6 3. Bb5 Nge7 4. Bxc6 Nxc6 5. O-O Bc5 6. c3 d6 7. d4 Bb6 8. d5 Ne7 9. c4 O-O 10. Nc3 f5 11. Bg5 f4 12. Nd2 h6 13. Bxe7 Qxe7 14. Kh1 Qf7 15. f3 g5 16. b4 a5 17. a3 h5 18. Ne2 g4 19. Qb3 Qf6 20. Rac1 Be3 21. Rc2 axb4 22. axb4 g3 23. h3 Kh8 24. Ng1 Rg8 25. Rd1 Qh4 26. Nf1 Bxg1 27. Kxg1 Bxh3 28. gxh3 Qxh3 29. Rdd2 Ra1 30. Qd3 h4 31. c5 Qd7 32. Ra2 Ra8 33. Rxa8+ Rxa8 34. Qc3 h3 35. cxd6 cxd6 36. Rc2 Qh7 37. b5 Rg8 38. Qb2 Qh5 39. Nh2 gxh2+ 40. Kxh2 Qxf3 41. Rf2 Qg3+ 42. Kh1 Qg1# 0-1


[Site "https://www.chess.com"]

[Event "Titled Tuesday Blitz October 31 Early 2023"]
[White "El_Matador12"]
[Black "Amilal Munkhdalai"]
[BlackFideId "4903250"]
[WhiteElo "2534"]
[BlackElo "2679"]
[Result "0-1"]
[Round "7"]
[TimeControl "180+1"]
[Date "2023.10.31"]
[WhiteClock "0:00:18"]
[BlackClock "0:00:12"]
[Board "57"]

1. d4 Nf6 2. Bg5 d5 3. Bxf6 gxf6 4. c4 c6 5. cxd5 cxd5 6. Nc3 Nc6 7. e3 e6 8. Bd3 f5 9. Nge2 Bd6 10. g3 a6 11. Rc1 Bd7 12. a3 b5 13. b4 Qb6 14. O-O O-O 15. Nf4 Bxf4 16. gxf4 Kh8 17. Kh1 Rg8 18. Qh5 Rg6 19. Rg1 Rag8 20. Rg3 Rxg3 21. hxg3 Rg6 22. Kg2 Ne7 23. Rh1 Rg7 24. Ne2 a5 25. Ng1 axb4 26. axb4 Nc6 27. Nf3 f6 28. Qh6 Rf7 29. g4 Nxb4 30. Bb1 Qd8 31. Kf1 Qf8 32. Qh5 Be8 33. gxf5 Rc7 34. Qh4 Rc1+ 35. Ke2 Rxh1 36. Qxh1 exf5 37. Bxf5 Qe7 38. Qh6 Qg7 39. Qh4 Bg6 40. Be6 Bd3+ 41. Kd2 Be4 42. Ne1 Qe7 43. f5 Nc6 44. f3 Bb1 45. Qg3 Qf8 46. Qc7 Nd8 47. Ng2 Ba2 48. Nf4 Bc4 49. Ke1 Qb4+ 50. Kf2 Qd2+ 51. Kg3 Qe1+ 52. Kg4 Qg1+ 53. Kh4 Qf2+ 54. Kh5 Qxf3+ 55. Kh4 Qf2+ 56. Kh5 Be2+ 57. Nxe2 Qxe2+ 58. Kh4 Qf2+ 59. Kg4 Qg2+ 60. Kh4 Nxe6 61. Qc8+ Kg7 62. Qxe6 Qe4+ 63. Kh3 Qxe6 64. fxe6 b4 65. e4 Kf8 66. exd5 Ke7 67. Kg4 b3 68. Kf5 b2 69. d6+ Kxd6 70. Kxf6 b1=Q 71. e7 Qf1+ 72. Kg7 Kxe7 73. Kxh7 Qg1 0-1


[Site "https://www.chess.com"]

[Event "Titled Tuesday Blitz October 31 Early 2023"]
[White "Rendle, Thomas E"]
[Black "Goltseva, Ekaterina"]
[WhiteFideId "408760"]
[BlackFideId "24173770"]
[WhiteElo "2679"]
[BlackElo "2538"]
[Result "0-1"]
[Round "7"]
[TimeControl "180+1"]
[Date "2023.10.31"]
[WhiteClock "0:00:25"]
[BlackClock "0:00:05"]
[Board "58"]

1. e4 e5 2. Nf3 Nc6 3. Bb5 a6 4. Ba4 Nf6 5. O-O Be7 6. d3 b5 7. Bb3 d6 8. a4 b4 9. a5 O-O 10. Nbd2 Rb8 11. c3 bxc3 12. bxc3 Be6 13. Bc2 Rb5 14. Ba4 Rxa5 15. Ng5 Bg4 16. f3 Bd7 17. Nb3 Rxa4 18. Rxa4 Nb8 19. Ra1 Nh5 20. Nh3 Bxh3 21. gxh3 Bg5 22. Ra2 Bxc1 23. Nxc1 Nf4 24. Kh1 Qh4 25. Ne2 Nxh3 26. Qe1 Qxe1 27. Rxe1 Nf2+ 28. Kg2 Nxd3 29. Rd1 Nc5 30. c4 Nc6 31. Nc3 Nd4 32. Rb2 f5 33. Rdb1 fxe4 34. fxe4 Rf6 35. Rb8+ Kf7 36. Rc8 Rg6+ 37. Kf2 Nde6 38. Ke3 Rg2 39. Nd5 Rxh2 40. Nxc7 Rh3+ 41. Kf2 Nxe4+ 42. Kg2 Nf4+ 43. Kg1 Ne2+ 44. Kg2 Nf4+ 45. Kg1 Rg3+ 46. Kf1 Nd2+ 47. Kf2 Rg2+ 48. Ke3 Nxb1 49. Nxa6 Nd2 50. Rc7+ Kf6 51. Nb8 Re2# 0-1


[Site "https://www.chess.com"]

[Event "Titled Tuesday Blitz October 31 Early 2023"]
[White "Leiva, Gianmarco"]
[Black "Tologon tegin, Semetei"]
[WhiteFideId "3804399"]
[BlackFideId "13800574"]
[WhiteElo "2674"]
[BlackElo "2533"]
[Result "1-0"]
[Round "7"]
[TimeControl "180+1"]
[Date "2023.10.31"]
[WhiteClock "0:00:09"]
[BlackClock "0:00:00"]
[Board "59"]

1. e4 Nc6 2. Nf3 Nf6 3. e5 Nd5 4. d4 d6 5. Bc4 Nb6 6. Bb5 a6 7. Bxc6+ bxc6 8. h3 Bf5 9. O-O e6 10. Bg5 Be7 11. Bxe7 Qxe7 12. Qe2 O-O 13. Nbd2 a5 14. Ne4 a4 15. Ng3 Bg6 16. c4 Rab8 17. Rac1 Nd7 18. Rfd1 c5 19. exd6 cxd6 20. h4 h6 21. h5 Bh7 22. Rd2 Rb4 23. Rcd1 Nb6 24. dxc5 dxc5 25. Ne5 Qc7 26. Rd6 Qb7 27. R1d2 Bb1 28. Rd8 Rxd8 29. Rxd8+ Kh7 30. Rf8 f6 31. Rf7 Qc8 32. Ng6 Bxg6 33. hxg6+ Kh8 34. Nh5 Rxc4 35. Rxg7 Nd5 36. Qd2 Rf4 37. Qxf4 Nxf4 38. Rh7+ Kg8 39. Nxf6+ 1-0


[Site "https://www.chess.com"]

[Event "Titled Tuesday Blitz October 31 Early 2023"]
[White "Ronka, Erik"]
[Black "Goltsev, Dmitry"]
[WhiteFideId "505080"]
[BlackFideId "24176710"]
[WhiteElo "2532"]
[BlackElo "2665"]
[Result "1/2-1/2"]
[Round "7"]
[TimeControl "180+1"]
[Date "2023.10.31"]
[WhiteClock "0:00:03"]
[BlackClock "0:00:33"]
[Board "60"]

1. e4 e6 2. d4 d5 3. Nc3 c5 4. exd5 exd5 5. Nf3 Nf6 6. Bb5+ Nc6 7. O-O Be7 8. dxc5 Bxc5 9. Bg5 O-O 10. Bxf6 Qxf6 11. Qxd5 Bb6 12. Qg5 Qxg5 13. Nxg5 Bf5 14. Nge4 Rad8 15. Rad1 Bd4 16. h3 Rfe8 17. Rfe1 Kf8 18. g4 Bg6 19. Kg2 a6 20. Bxc6 bxc6 21. f4 Bxe4+ 22. Rxe4 Bxc3 23. Rxd8 Rxd8 24. bxc3 Rd2+ 25. Kf1 Rxc2 26. Rc4 Rxa2 27. Rxc6 a5 28. c4 a4 29. Ra6 Ke7 30. c5 a3 31. Kg1 Kd7 32. Kh1 Kc7 33. Kg1 Kb7 34. Ra5 Kc6 35. Kh1 Kd5 36. Kg1 Kc4 37. c6 Kb4 38. c7 Rc2 39. Ra7 Kb3 40. Rb7+ Ka4 41. Ra7+ Kb4 42. Rb7+ Ka5 43. Ra7+ Kb6 44. Rxa3 Kxc7 45. Rf3 Kd6 46. Rf2 Rxf2 47. Kxf2 Kd5 48. Ke3 g6 49. Kd3 h5 50. Ke3 f5 51. gxh5 gxh5 52. Kf3 h4 53. Ke3 Kc4 54. Ke2 Kd4 55. Kf3 Kd3 56. Kf2 Ke4 57. Kg1 Kxf4 58. Kf2 Ke4 59. Ke2 f4 60. Kf2 Kd4 61. Kf3 Ke5 62. Ke2 Ke4 63. Kf2 f3 64. Kf1 Kf4 65. Kf2 Ke4 66. Kf1 Ke3 67. Ke1 Kf4 68. Kf2 Ke4 1/2-1/2


[Site "https://www.chess.com"]

[Event "Titled Tuesday Blitz October 31 Early 2023"]
[White "Yaksin, Oleg"]
[Black "Wizard_97"]
[WhiteFideId "24105880"]
[WhiteElo "2532"]
[BlackElo "2623"]
[Result "1-0"]
[Round "7"]
[TimeControl "180+1"]
[Date "2023.10.31"]
[WhiteClock "0:00:11"]
[BlackClock "0:00:20"]
[Board "61"]

1. d4 Nf6 2. c4 e6 3. g3 d5 4. Nf3 Be7 5. Bg2 dxc4 6. O-O O-O 7. Qc2 c5 8. dxc5 Bxc5 9. Qxc4 Qe7 10. Bg5 Na6 11. Nc3 h6 12. Bxf6 Qxf6 13. Ne4 Qe7 14. Nxc5 Qxc5 15. Qxc5 Nxc5 16. Rac1 Nd7 17. Rc7 Nb6 18. Ne5 Rb8 19. Rd1 f6 20. Ng6 Re8 21. h4 Kh7 22. h5 Nd5 23. Bxd5 exd5 24. Rxd5 Bg4 25. Nf4 Re5 26. f3 Rxd5 27. Nxd5 Be6 28. Nxf6+ Kh8 29. Nd7 Rd8 30. Nc5 Bxa2 31. Rxb7 a5 32. e4 Bc4 33. Kf2 Rc8 34. Nd7 Rd8 35. Ne5 Be6 36. f4 a4 37. f5 Bb3 38. Ke3 Kg8 39. Ng6 Bf7 40. e5 Bd5 41. Ne7+ Kh7 42. Nxd5 Rxd5 43. Ke4 Rd2 44. e6 Re2+ 45. Kd5 Rd2+ 46. Ke5 Re2+ 47. Kd6 Rd2+ 48. Kc7 Rc2+ 49. Kd8 Rd2+ 50. Rd7 Rxb2 51. e7 Rb8+ 52. Kc7 Ra8 53. Rd8 Ra7+ 54. Kd6 Ra6+ 55. Kc5 Ra5+ 56. Kb4 Re5 57. e8=Q Rxe8 58. Rxe8 a3 59. Kxa3 g5 60. fxg6+ Kg7 61. Re7+ Kg8 62. Rh7 Kf8 63. Kb4 Kg8 64. Kc5 Kf8 65. Kd6 Kg8 66. Ke6 Kf8 67. Kf6 Ke8 68. Rf7 Kd8 69. g7 Kc8 70. g8=Q# 1-0


[Site "https://www.chess.com"]

[Event "Titled Tuesday Blitz October 31 Early 2023"]
[White "MFatigue"]
[Black "Ahmad, Khagan"]
[BlackFideId "13431552"]
[WhiteElo "2495"]
[BlackElo "2622"]
[Result "1-0"]
[Round "7"]
[TimeControl "180+1"]
[Date "2023.10.31"]
[WhiteClock "0:00:18"]
[BlackClock "0:00:03"]
[Board "62"]

1. e4 c5 2. a3 d5 3. exd5 Qxd5 4. Nc3 Qd8 5. Nf3 Nf6 6. d4 cxd4 7. Qxd4 Bd7 8. Bg5 Nc6 9. Qh4 h6 10. Bd3 g6 11. Bxf6 exf6 12. O-O-O Bg7 13. Rhe1+ Kf8 14. Nd4 f5 15. Qxd8+ Rxd8 16. Nde2 Bxc3 17. Nxc3 Be6 18. Bb5 Nd4 19. Rd2 Ke7 20. Red1 Nxb5 21. Rxd8 Rxd8 22. Rxd8 Kxd8 23. Nxb5 a6 24. Nd4 Bd5 25. g3 Ke7 26. Kd2 Kd6 27. Kd3 Ke5 28. c4 Be4+ 29. Ke3 g5 30. f4+ gxf4+ 31. gxf4+ Kd6 32. b4 h5 33. h4 b6 34. Ne2 Bc2 35. Ng3 Bd1 36. Nxf5+ Ke6 37. Ng3 f5 38. Kd4 Bg4 39. Nf1 Bh3 40. Ne3 Kd6 41. Nc2 Kc6 42. Ke5 Bf1 43. Nd4+ Kd7 44. c5 bxc5 45. bxc5 Bd3 46. Nxf5 Kc6 47. Ng3 Kxc5 48. Nxh5 Kb5 49. f5 Ka4 50. f6 Bc4 51. Nf4 Kxa3 52. Ne6 Kb4 53. f7 1-0


[Site "https://www.chess.com"]